 Dungeon Crawl Stone Soup version 0.27-a0-765-ge4d627daa3 (webtiles) character file.

Game seed: 17570079769069645138

1574 rageheart7 the Fighter (level 8, -6/54 HPs)
             Began as a Tengu Abyssal Knight on Mar 25, 2021.
             Was an Elder of Lugonu.
             Killed from afar by an electric eel (7 damage)
             ... with a bolt of electricity
             ... on level 7 of the Dungeon.
             The game lasted 00:09:24 (9736 turns).

rageheart7 the Fighter (Tengu Abyssal Knight)       Turns: 9736, Time: 00:09:25

Health: -6/54      AC:  4    Str: 15    XL:     8   Next: 90%
Magic:  10/10      EV: 13    Int: 12    God:    Lugonu [****..]
Gold:   366        SH:  0    Dex: 14    Spells: 7/7 levels left

rFire    . . .     SeeInvis .   a - +1 falchion (venom)
rCold    . . .     Faith    .   (no shield)
rNeg     + . .     Spirit   .   b - +1 leather armour
rPois    .         Reflect  .   (helmet restricted)
rElec    .         Harm     .   (no cloak)
rCorr    .         Rampage  .   (no gloves)
Will     .....                  (boots unavailable)
Stlth    ++........             h - macabre finger necklace {rN+}
HPRegen  0.18/turn              (no ring)
MPRegen  0.12/turn              (no ring)
                                (no ring)

@: flying quickly and evasively, quick
A: beak, talons 3, able to fly
a: Renounce Religion, Depart the Abyss, Bend Space, Banish, Corrupt


You were on level 7 of the Dungeon.
You worshipped Lugonu.
Lugonu was greatly pleased with you.
You visited 1 branch of the dungeon, and saw 7 of its levels.
You visited the Abyss 1 time.

You collected 366 gold pieces.

Inventory:

Hand Weapons
 a - a +1 falchion of venom (weapon)
Armour
 b - a +1 leather armour (worn)
Jewellery
 g - a ring of ice
 h - the macabre finger necklace (around neck) {rN+}
   (You found it on level 4 of the Dungeon)

   [amulet of nothing]

   It enables you to equip an extra ring.
   It protects you from negative energy.
Scrolls
 c - a scroll of enchant weapon
 f - 2 scrolls of amnesia
 i - a scroll of teleportation
Potions
 d - a potion of brilliance
 j - a potion of magic


   Skills:
 * Level 8.2 Fighting
 * Level 7.8 Long Blades
 - Level 2.1 Armour
 - Level 1.1 Dodging
 + Level 3.6 Stealth
 - Level 1.5 Invocations


You had 7 spell levels left.
You didn't know any spells.
Your spell library contained the following spells:

 Spells                   Type           Power      Damage    Failure   Level
 Magic Dart               Conj           0%         1d3       38%         1
 Blink                    Tloc           N/A        N/A       52%         2
 Call Imp                 Summ           0%         N/A       52%         2
 Slow                     Hex            0%         N/A       52%         2
 Conjure Flame            Conj/Fire      0%         6-21      77%         3
 Mephitic Cloud           Conj/Pois/Air  0%         N/A       77%         3


Dungeon Overview and Level Annotations

Branches:
Dungeon (7/15)             Temple (0/1) D:5

Altars:
Kikubaaqudgha
Makhleb
Nemelex Xobeh
Wu Jian
Yredelemnul

Shops:
D:2 (   D:3 [   D:5 =


Innate Abilities, Weirdness & Mutations

You have a beak for a mouth.
You have claws for feet.
You can fly continuously.


Message History

No target in view!
Key pressed, stopping explore.
No target in view!
No target in view!
An electric eel comes into view.
An electric eel is nearby!
An electric eel comes into view.
There are monsters nearby!
A worker ant comes into view.
You hit the electric eel.
The electric eel is poisoned.
The electric eel is moderately wounded.
The electric eel shoots out a bolt of lightning at you!
The bolt of electricity hits the electric eel.
The electric eel completely resists.
The bolt of electricity hits you!
You slash the electric eel! Your kick misses the electric eel.
The electric eel is almost dead.
You kill the electric eel!
Lugonu accepts your kill.
You hear a splash.
The electric eel shoots out a bolt of lightning at you!
The bolt of electricity hits you.
The electric eel shoots out a bolt of lightning at you!
The bolt of electricity hits you!
You see here an electric eel corpse.
Found a scroll labelled SOLAZI NOGYCI.
You barely miss the electric eel. Your kick misses the electric eel.
You peck the electric eel.
The electric eel is moderately wounded.
The electric eel shoots out a bolt of lightning at you!
The bolt of electricity hits you! x2
* * * LOW HITPOINT WARNING * * *
You are too injured to fight recklessly!
You hit the electric eel but do no damage.
You claw the electric eel!
The electric eel is almost dead.
The electric eel shoots out a bolt of lightning at you!
The bolt of electricity hits you!
* * * LOW HITPOINT WARNING * * *
The bolt of electricity hits you!
You die...

... ##..## ###.# ...###
###....## #.. ....#.
###.......# ##..
#....###...#..#........
#........####.##.......
###≈≈...## #..#.......
≈≈#≈#≈P....####.#.......
#≈≈≈≈≈≈†≈...###.......##
##≈≈≈≈≈@.≈.......#...#
###≈≈;≈≈.P.......
##≈P≈P≈≈..... ..###
..≈≈≈≈≈≈≈P..# ..#.#
.....≈≈≈≈P≈... .....
#....≈≈≈≈≈≈PB≈. .....
#...#..≈≈P≈≈≈≈. .....
##.###.?P≈≈≈P≈≈ .##..
.##..


You could see a worker ant (asleep) and an electric eel.

Vanquished Creatures
  Menkaure (D:5)
  An orc warrior (D:5)
  A black bear (D:6)
  2 ogres
  A kobold brigand (D:7)
  2 bullfrogs
  A wyvern zombie (D:6)
  An electric eel (D:7)
  2 bullfrog zombies
  2 centaur skeletons
  3 orc priests
  2 bullfrog skeletons
  2 iguanas
  2 orc wizards (D:3)
  3 worker ants
  A hound skeleton (D:5)
  A worker ant zombie (D:5)
  12 gnolls
  2 howler monkey skeletons
  4 adders
  2 shadow imps
  2 white imps (D:6)
  2 ufetubi
  An adder skeleton (D:4)
  3 worms
  A dart slug (D:3)
  24 orcs
  4 endoplasms
  A giant cockroach (D:1)
  9 goblins
  2 hobgoblins (D:2)
  11 jackals
  4 quokkas
  3 ball pythons
  2 bats
  3 frilled lizards
  2 gnoll zombies (D:6)
  11 kobolds
  5 rats
138 creatures vanquished.

Notes
Turn   | Place    | Note
-------+----------+-------------------------------------------
     0 | Abyss:1  | rageheart7 the Tengu Abyssal Knight began the quest for the
                  | Orb.
     0 | Abyss:1  | Reached XP level 1. HP: 14/14 MP: 3/3
    26 | Abyss:1  | Found a broken altar of Ashenzari.
   104 | Abyss:1  | Noticed a small abomination
   105 | D:1      | Escaped the Abyss
   453 | D:1      | Reached * piety under Lugonu
   454 | D:1      | Reached XP level 2. HP: 19/19 MP: 4/4
  1675 | D:2      | Found Vilosm's Weapon Shop.
  1829 | D:2      | Reached XP level 3. HP: 24/24 MP: 5/5
  2289 | D:2      | Reached skill level 4 in Fighting
  2918 | D:3      | Found Jiojo's Armour Boutique.
  3045 | D:3      | Reached ** piety under Lugonu
  3178 | D:3      | Reached XP level 4. HP: 24/29 MP: 6/6
  3657 | D:3      | Reached skill level 1 in Stealth
  3727 | D:3      | Gained mutation: You can fly continuously. [Tengu growth]
  3727 | D:3      | Reached XP level 5. HP: 23/34 MP: 7/7
  4274 | D:4      | Reached skill level 5 in Fighting
  4338 | D:4      | Reached XP level 6. HP: 16/40 MP: 8/8
  4389 | D:4      | HP: 1/40 [gnoll/+0 flail (11)]
  5127 | D:4      | Found the macabre finger necklace {rN+}
  5236 | D:4      | Reached skill level 6 in Fighting
  5944 | D:4      | Reached XP level 7. HP: 8/46 MP: 9/9
  6271 | D:5      | Entered Level 5 of the Dungeon
  6271 | D:5      | Noticed Menkaure
  6279 | D:5      | Killed Menkaure
  6280 | D:5      | Reached skill level 5 in Long Blades
  6497 | D:5      | Found an ancient bone altar of Kikubaaqudgha.
  6652 | D:5      | Found a sparkling altar of Nemelex Xobeh.
  6664 | D:5      | Found Guonuj's Jewellery Shoppe.
  6681 | D:5      | Reached *** piety under Lugonu
  6764 | D:5      | Found a burning altar of Makhleb.
  6964 | D:5      | Found a staircase to the Ecumenical Temple.
  7246 | D:5      | Found an ornate altar of the Wu Jian Council.
  7355 | D:6      | Reached skill level 7 in Fighting
  7524 | D:6      | Reached XP level 8. HP: 20/53 MP: 10/10
  8759 | D:6      | Reached skill level 8 in Fighting
  9019 | D:6      | Found a basalt altar of Yredelemnul.
  9569 | D:7      | Reached **** piety under Lugonu
  9736 | D:7      | HP: 1/54 [electric eel/bolt of electricity (11)]
  9736 | D:7      | Killed from afar by an electric eel

Illustrated notes

Levels and vault maps discovered:
D:1:      scummos_arrival_star, layout_loops_corners, serial_bayou_lagoon_a
D:2:      layout_basic, serial_shops, nicolae_shop_statue_plus
D:3:      layout_basic, serial_shops, nicolae_shop_behind_doors
D:4:      layout_rooms
D:5:      layout_loops_ring, pdpol_wu_jian_five_deadly_venoms, bloody_makhleb,
          nicolae_overflow_crystal_walls, minmay_temple_entry_sparse_star,
          serial_shops, nicolae_shop_crystal, basic_altar, uniq_menkaure
D:6:      layout_cave_pools, lemuel_zombie_altar_yredelemnul
D:7:      layout_layer_cave, chequers_big_river, nicolae_ru_awakened_eye

Skill      XL: |  1  2  3  4  5  6  7  8 |
---------------+-------------------------+-----
Fighting       | 4 5 6 7 8 |  8.2
Long Blades    | 3 4 5 7 |  7.8
Stealth        | 1 2 3 |  3.6
Armour         | |  2.1
Dodging        | |  1.1
Invocations    | |  1.5

Action                   |  1- 3 |  4- 6 |  7- 9 || total
-------------------------+-------+-------+-------++-------
Melee: Falchion          |    27 |       |   136 ||   163
       Kick              |    19 |    48 |    65 ||   132
       Dagger            |    74 |   143 |    15 ||   232
       Peck              |    12 |    25 |    31 ||    68
Invok: Depart the Abyss  |     1 |       |       ||     1
 Abil: Fly               |       |     1 |       ||     1
  Use: Potion            |       |     4 |     1 ||     5
       Scroll            |       |       |    12 ||    12
 Stab: Sleeping          |       |       |     2 ||     2
Armor: Leather armour    |    26 |    12 |    29 ||    67
       Skin              |       |    31 |       ||    31
Dodge: Dodged            |    74 |    64 |   112 ||   250
       Rpst.: Falchion   |     6 |       |    29 ||    35

Table legend: (Time is in decaauts)
 A = Elapsed time spent in this place.
 B = Non-inter-level travel time spent in this place.
 C = Inter-level travel time spent in this place.
 D = Time resting spent in this place.
 E = Time spent auto-exploring this place.
 F = Levels seen in this place.
 G = Mean time per level.
                   A        B        C        D        E       F      G
               +--------+--------+--------+--------+--------+-----+--------+
         Total |   9525 |   9363 |    162 |   3359 |   5052 |   8 | 1190.6 |
       Dungeon |   9420 |   9258 |    162 |   3359 |   4948 |   7 | 1345.7 |
         Abyss |    105 |    105 |      0 |      0 |    104 |   1 |  105.0 |
               +--------+--------+--------+--------+--------+-----+--------+

Top non-repeatable levels by time:
     D:4: 1950 daAuts
     D:1: 1570 daAuts
     D:5: 1564 daAuts
     D:6: 1401 daAuts
     D:3: 1332 daAuts
     D:2: 1238 daAuts
     D:7: 362 daAuts
 Abyss:1: 105 daAuts
